 Dungeon Crawl Stone Soup version 0.20-a0-502-g555d78b (webtiles) character file.

866 Kidiri the Magician (level 7, -7/38 HPs)
             Began as a Deep Elf Fire Elementalist on Jan 20, 2017.
             Was a Follower of Vehumet.
             Killed by miscasting Fireball (22 damage)
             ... on level 5 of the Dungeon.
             The game lasted 00:14:01 (5402 turns).

Kidiri the Magician (Deep Elf Fire Elementalist)    Turns: 5402, Time: 00:14:02

Health: -7/38      AC:  3    Str:  5    XL:     7   Next: 72%
Magic:  7/20       EV: 13    Int: 22    God:    Vehumet [*.....]
Gold:   240        SH:  0    Dex: 15    Spells: 2/21 levels left

rFire    . . .     SeeInvis .   d - +1 dagger
rCold    . . .     Gourm    .   a - +0 robe
rNeg     . . .     Faith    .   (no shield)
rPois    .         Spirit   .   j - +0 helmet
rElec    .         Reflect  .   (no cloak)
rCorr    .         Harm     .   (no gloves)
MR       .....                  (no boots)
Stlth    ++........             (no amulet)
Regen    0.2/turn               (no ring)
                                (no ring)

@: very slightly contaminated
A: no striking features
a: Renounce Religion


You were on level 5 of the Dungeon.
You worshipped Vehumet.
Vehumet was aware of your devotion.
You were not hungry.

You visited 2 branches of the dungeon, and saw 6 of its levels.

You collected 240 gold pieces.

Inventory:

Hand Weapons
 d - a +1 dagger (weapon)
Armour
 a - a +0 robe (worn)
 j - a +0 helmet (worn)
Wands
 p - a wand of digging (8/24)
Scrolls
 r - a scroll of amnesia
 t - a scroll of blinking
 v - a scroll of recharging
 w - 3 scrolls of magic mapping
Potions
 e - a potion of cancellation
 g - a potion of might
 h - a potion of cure mutation
 i - 4 potions of curing
 k - 2 potions of heal wounds {unknown}
 l - 2 potions of lignification {unknown}
 o - 2 potions of agility {unknown}
 q - 2 potions of berserk rage {unknown}
 s - a potion of haste
 u - a potion of brilliance
 x - a potion of flight {unknown}
Books
 b - a book of Flames

   Spells                             Type                      Level
   a - Flame Tongue                   Conjuration/Fire             1
   b - Throw Flame                    Conjuration/Fire             2
   c - Conjure Flame                  Conjuration/Fire             3
   d - Inner Flame                    Hexes/Fire                   3
   e - Sticky Flame                   Conjuration/Fire             4
   f - Fireball                       Conjuration/Fire             5
Comestibles
 c - 5 bread rations
 f - a royal jelly
 m - 2 meat rations
 n - 2 beef jerkies
 z - 2 chunks of flesh


   Skills:
 + Level 1.0 Fighting
 + Level 1.7 Short Blades
 + Level 1.2 Armour
 + Level 3.0 Dodging
 - Level 2.4 Stealth
 * Level 7.6 Spellcasting
 + Level 4.6 Conjurations
 + Level 5.1 Fire Magic
 + Level 0.2 Earth Magic
 + Level 1.8 Evocations


You had 2 spell levels left.
You knew the following spells:

 Your Spells              Type           Power        Failure   Level  Hunger
a - Flame Tongue          Conj/Fire      ####.        1%          1    None
b - Throw Flame           Conj/Fire      ####..       1%          2    None
c - Conjure Flame         Conj/Fire      ####....     3%          3    None
d - Inner Flame           Hex/Fire       ###.....     12%         3    None
e - Sticky Flame          Conj/Fire      ####....     12%         4    ###....
f - Fireball              Conj/Fire      ####......   34%         5    #####..
g - Sandblast             Erth           #.....       10%         1    None


Dungeon Overview and Level Annotations

Branches:
Dungeon (5/15)             Temple (1/1) D:5

Altars:
Ashenzari
Dithmenos
Elyvilon
Gozag
Hepliaklqana
Makhleb
Nemelex Xobeh
Okawaru
Qazlal
Ru
Sif Muna
Vehumet
Xom
Zin


Message History

Aiming: Fireball
Press: ? - help, Shift-Dir - straight line, f/p - centaur
Aim: a centaur, wielding a shortbow The fireball explodes!
The fireball engulfs the centaur.
The centaur is severely wounded.
The fireball engulfs the ogre.
The ogre is heavily wounded.
The centaur shoots an arrow.
The arrow barely misses you.
Unknown command.
Casting: Fireball
Confirm with . or Enter, or press ? or * to list all spells.
The spell is very dangerous to cast!
Continue anyway?
Aiming: Fireball
Press: ? - help, Shift-Dir - straight line, f/p - centaur
Aim: a centaur, wielding a shortbow (severely wounded)
You miscast Fireball.
You are very lightly contaminated with residual magic.
Energy rips through your body!
Ouch! That really hurt!
You die...

...#
#..####.(#
...#
##..#.)'..#
....
#...#..#..#
...
#...####..#
#P........#
..........#
.......(.(#
........(####
.......@....#
............#
............#
............#
........O...#
#......c.....#
#...#........#
#............#


You could see an ogre and a centaur.

Vanquished Creatures
  Prince Ribbit (D:5)
  A scorpion (D:4)
  A howler monkey (D:4)
  A hound (D:5)
  2 orc priests
  A bullfrog skeleton (D:5)
  3 iguanas (D:4)
  Natasha (thrice) (D:2)
  2 orc wizards (D:3)
  2 worker ants
  3 gnolls (D:2)
  5 adders
  2 oozes
  6 worms
  2 dart slugs
  3 leopard geckos
  14 orcs
  6 bats
  4 giant cockroaches
  3 goblins
  11 hobgoblins
  2 quokkas (D:4)
  A ball python (D:2)
  5 frilled lizards
  A giant cockroach zombie (D:5)
  9 kobolds
  A leopard gecko skeleton (D:5)
  2 quokka skeletons (D:4)
  3 rats
100 creatures vanquished.

Notes
Turn   | Place    | Note
-------+----------+-------------------------------------------
     0 | D:1      | Kidiri the Deep Elf Fire Elementalist began the quest for the Orb.
     0 | D:1      | Reached XP level 1. HP: 10/10 MP: 6/6
    80 | D:1      | Reached XP level 2. HP: 12/15 MP: 0/8
    84 | D:1      | Learned a level 2 spell: Throw Flame
   887 | D:2      | Reached XP level 3. HP: 19/19 MP: 5/10
   892 | D:2      | Learned a level 3 spell: Conjure Flame
   896 | D:2      | Learned a level 3 spell: Inner Flame
  1246 | D:2      | Noticed Natasha
  1252 | D:2      | Killed Natasha
  1252 | D:2      | Reached skill level 4 in Spellcasting
  1318 | D:2      | Reached XP level 4. HP: 22/24 MP: 4/12
  1753 | D:2      | Noticed Natasha
  1758 | D:2      | Killed Natasha
  1758 | D:2      | Reached skill level 5 in Spellcasting
  1758 | D:2      | Reached XP level 5. HP: 10/28 MP: 3/14
  1959 | D:2      | Learned a level 4 spell: Sticky Flame
  2006 | D:2      | Noticed Natasha
  2010 | D:2      | Killed Natasha
  2499 | D:3      | Found a burning altar of Makhleb.
  2499 | D:3      | Found a radiant altar of Vehumet.
  2770 | D:3      | Found an opulent altar of Gozag.
  3069 | D:3      | Reached skill level 6 in Spellcasting
  3069 | D:3      | Reached XP level 6. HP: 28/32 MP: 9/17
  3475 | D:3      | Became a worshipper of Vehumet
  3994 | D:4      | Learned a level 5 spell: Fireball
  4389 | D:4      | You fall through a shaft!
  4389 | D:5      | Entered Level 5 of the Dungeon
  4463 | D:5      | Reached skill level 1 in Evocations
  4503 | D:5      | Noticed Prince Ribbit
  4568 | D:5      | Killed Prince Ribbit
  4568 | D:5      | Reached skill level 1 in Short Blades
  4568 | D:5      | Reached skill level 7 in Spellcasting
  4568 | D:5      | Reached skill level 5 in Fire Magic
  4568 | D:5      | Reached XP level 7. HP: 29/37 MP: 8/19
  4662 | D:5      | Reached skill level 1 in Armour
  5014 | D:4      | Reached * piety under Vehumet
  5014 | D:4      | Offered knowledge of Sandblast by Vehumet.
  5017 | D:4      | Learned a level 1 spell: Sandblast
  5173 | D:4      | Reached skill level 1 in Fighting
  5225 | D:5      | Found a staircase to the Ecumenical Temple.
  5226 | D:5      | Found a stormy altar of Qazlal.
  5229 | Temple   | Entered the Ecumenical Temple
  5402 | D:5      | Killed by miscasting Fireball

Vault maps used:
D:1:      lightli_arrival_statuegarden
D:2:      grunt_ministairs_7, uniq_natasha
D:3:      grunt_temple_overflow_lords_of_destruction, old_standard_altar,
          minivault_24
D:4:      minmay_opposing_rooms, minmay_misc_feat_plants
D:5:      corexii_shack_village, old_standard_altar, first_bread,
          grunt_qazlal_clouds, uniq_prince_ribbit1
Temple:   eino_temple_lava

Skill      XL: |  1  2  3  4  5  6  7 |
---------------+----------------------+-----
Conjurations   | 2 3 4 |  4.6
Spellcasting   | 4 5 6 7 |  7.6
Fire Magic     | 4 5 |  5.1
Evocations     | 1 |  1.8
Short Blades   | 1 |  1.7
Armour         | 1 |  1.2
Fighting       | 1 |  1.0
Dodging        | 3 |  3.0
Stealth        | |  2.4
Earth Magic    | |  0.2

Action                   |  1- 3 |  4- 6 |  7- 9 || total
-------------------------+-------+-------+-------++-------
Melee: Unarmed           |     1 |       |       ||     1
       Dagger            |     7 |    37 |     4 ||    48
 Cast: Flame Tongue      |    39 |    86 |    25 ||   150
       Throw Flame       |     4 |    37 |     9 ||    50
       Conjure Flame     |       |     4 |     1 ||     5
       Inner Flame       |       |     2 |     3 ||     5
       Sticky Flame      |       |     4 |     2 ||     6
       Fireball          |       |       |     1 ||     1
  Use: Scroll            |     4 |    11 |       ||    15
       Potion            |       |       |     1 ||     1
 Stab: Sleeping          |     1 |     7 |       ||     8
  Eat: Chunk             |     1 |     9 |     2 ||    12
       Fruit             |       |     3 |       ||     3
Armor: Robe              |     7 |    12 |     5 ||    24
Dodge: Dodged            |    19 |    31 |     8 ||    58
